 Dungeon Crawl Stone Soup version 0.26-a0-1020-ge47f559bc5 (webtiles) character file.

Game seed: 5439847401830999628

6129 Raspiflausch64 the Basher (level 10, -13/91 HPs)
             Began as a Troll Berserker on Dec 8, 2020.
             Was a High Priest of Trog.
             Mangled by an orc warrior
             ... wielding a +0 halberd
              (17 damage)
             ... in a bailey.
             The game lasted 00:59:42 (7890 turns).

Raspiflausch64 the Basher (Troll Berserker)         Turns: 7890, Time: 00:59:42

Health: -13/91     AC: 15    Str: 29      XL:     10   Next: 59%
Magic:  9/9        EV: 11    Int:  5 (7)  God:    Trog [*****.]
Gold:   763        SH:  0    Dex:  9      Spells: 9/9 levels left

rFire    + + .     SeeInvis +   v - +4 great mace "Uticu" {vorpal, rPois rF++ SInv}
rCold    + . .     Faith    +   (shield currently unavailable)
rNeg     . . .     Spirit   .   u - +2 robe {rC+}
rPois    +         Reflect  .   (helmet restricted)
rElec    .         Harm     .   q - +2 cloak
rCorr    +         Rampage  .   (gloves unavailable)
Will     .....                  (boots unavailable)
Stlth    ++........             o - amulet of faith
HPRegen  0.65/turn              w - ring "Geum" {+Fly rCorr Int+3}
MPRegen  0.11/turn              A - +4 ring of protection

@: berserk cooldown, flying, slowed, very slow
A: large, unfitting armour, claws 3, regeneration 1, shaggy fur 1, tough skin 3
a: Berserk, Trog's Hand, Brothers in Arms, Renounce Religion, Stop Flying


You were in a bailey.
You worshipped Trog.
Trog was extremely pleased with you.
You visited 1 branch of the dungeon, and saw 10 of its levels.
You also visited: Bailey.

You collected 763 gold pieces.

Inventory:

Hand Weapons
 g - a +3 short sword of freezing
 i - the +3 mace of Harmony {speed, rPois Int+4}
   (You found it on level 5 of the Dungeon)

   Attacks with this weapon are significantly faster.
   It affects your intelligence (+4).
   It protects you from poison.
 v - the +4 great mace "Uticu" (weapon) {vorpal, rPois rF++ SInv}
   (You took it off an ogre on level 4 of the Dungeon)

   It inflicts extra damage upon your enemies.
   It greatly protects you from fire.
   It protects you from poison.
   It lets you see invisible.
Armour
 q - a +2 cloak (worn)
 u - a +2 robe of cold resistance (worn)
Jewellery
 j - an uncursed ring of protection from cold
 o - an amulet of faith (around neck)
 w - the ring "Geum" (left claw) {+Fly rCorr Int+3}
   (You found it on level 4 of the Dungeon)

   [ring of resist corrosion]

   It affects your intelligence (+3).
   It lets you fly.
   It provides partial protection from all sources of acid and corrosion.
 A - a +4 ring of protection (right claw)
 D - a +6 ring of intelligence
Wands
 b - a wand of paralysis (12)
 d - a wand of digging (4)
Scrolls
 c - 5 scrolls of identify
 e - 3 scrolls of remove curse
 f - 3 scrolls of fear
 l - a scroll of teleportation
 m - a scroll of enchant armour
 n - 3 scrolls of fog
 t - 2 scrolls of blinking
 y - a scroll of enchant weapon
 E - a scroll of holy word
 H - a scroll of brand weapon {unknown}
Potions
 a - 2 potions of lignification
 h - a potion of ambrosia
 k - a potion of magic {unknown}
 p - 4 potions of curing
 r - 2 potions of brilliance
 s - 4 potions of heal wounds
 x - a potion of invisibility {unknown}
 z - a potion of attraction {unknown}
 B - 3 potions of resistance
 C - 2 potions of flight {unknown}
 F - a potion of might


   Skills:
 - Level 3.6 Fighting
 + Level 13.5 Maces & Flails
 - Level 3.7 Dodging
 - Level 1.7 Stealth


You had 9 spell levels left.
You didn't know any spells.
Your spell library was empty.

Dungeon Overview and Level Annotations

Branches:
Dungeon (10/15)            Temple (0/1) D:6            Lair (0/6) D:9
 Bailey (1/1)
    Orc: D:9-12

Altars:
Cheibriados
Gozag
Makhleb
Nemelex Xobeh
Sif Muna
Xom
Yredelemnul
Beogh

Shops:
D:4 [

Annotations:
D:2 Robin


Innate Abilities, Weirdness & Mutations

You are too large for most types of armour.
You have claws for hands.
Your natural rate of healing is unusually fast.
You are covered in fur. (AC +1)
You have extremely tough skin. (AC +3)


Message History

You kill the orc warrior!
Trog accepts your kill.
The orc warrior shoots a bolt.
The bolt hits you!
You hear a splash.
The orc warrior closely misses you.
You are no longer berserk.
You are exhausted.
You feel yourself slow down.
The orc warrior hits you with a +0 spear!
* * * LOW HITPOINT WARNING * * *
Things that are here:
a +0 trident; a +0 ring mail; an orc corpse The orc warrior shoots a bolt.
The bolt barely misses you.
The orc warrior hits you from afar with a +0 halberd!
* * * LOW HITPOINT WARNING * * *
The orc warrior closely misses you.
The orc warrior shoots a bolt.
The bolt hits you!
* * * LOW HITPOINT WARNING * * *
The orc warrior hits you from afar with a +0 halberd!
You die...

### ###
##.###########∩## ####
#...##.....##.∩.##....
#.))#..≈≈≈..#..(#..≈≈≈
#(.)#.≈≈.≈≈.......≈≈.≈
#...'@≈oo.≈.......≈ooo
#...#.≈≈o≈≈.).)...≈≈o≈
#...#..≈≈≈..#.(.#..≈≈≈
#...##(....##...##....
##.###########∩## ####
### ###


You could see 3 orc warriors.

Vanquished Creatures
  Joseph (D:10)
  The ghost of drd the Sneak, an amateur OpBr (D:4)
  A vampire (D:9)
  Sigmund (D:5)
  Eustachio (D:4)
  4 yaks (D:9)
  Menkaure (D:6)
  Edmund (D:6)
  Duvessa (D:6)
  A water moccasin (D:8)
  6 orc warriors
  2 sky beasts
  4 centaurs
  8 ogres
  5 bullfrogs
  A gnoll sergeant (D:6)
  Dowan (D:6)
  5 scorpions
  3 killer bees (D:10)
  3 wights (D:8)
  A howler monkey (D:6)
  A bullfrog zombie (D:5)
  2 hounds (D:8)
  3 quasits (D:9)
  An orc wizard (D:3)
  2 jellies (D:5)
  2 orc priests
  2 centaur skeletons
  Crazy Yiuf (D:2)
  An iguana (D:8)
  4 worker ants
  2 hound zombies
  A worker ant zombie (D:6)
  3 gnolls (D:6)
  5 adders
  2 shadow imps
  A white imp (D:8)
  An ufetubus (D:7)
  An ooze (D:9)
  An adder skeleton (D:7)
  2 worms
  2 leopard geckos
  38 orcs
  2 ball pythons (D:3)
  4 bats
  4 giant cockroaches
  7 goblins
  3 hobgoblins
  12 jackals
  4 quokkas
  A frilled lizard (D:4)
  2 kobolds
  A leopard gecko skeleton (D:5)
  A leopard gecko zombie (D:5)
  6 rats
177 creatures vanquished.

Vanquished Creatures (collateral kills)
  The ghost of twist the Covert, a novice OpWz of Vehumet (D:9)
  2 neqoxecs (D:9)
  A bullfrog (D:10)
  A quasit (D:9)
5 creatures vanquished.

Vanquished Creatures (others)
  2 fungi (D:2)
2 creatures vanquished.

Grand Total: 184 creatures vanquished

Notes
Turn   | Place    | Note
-------+----------+-------------------------------------------
     0 | D:1      | Raspiflausch64 the Troll Berserker began the quest for the
                  | Orb.
     0 | D:1      | Reached XP level 1. HP: 22/22 MP: 0/0
   310 | D:1      | Reached XP level 2. HP: 29/29 MP: 1/1
   586 | D:2      | Noticed Robin
   711 | D:2      | Reached skill level 3 in Maces & Flails
   906 | D:2      | Found an opulent altar of Gozag.
   999 | D:2      | Reached XP level 3. HP: 36/36 MP: 2/2
  1451 | D:3      | Reached XP level 4. HP: 44/44 MP: 3/3
  2263 | D:2      | Found a runed translucent door.
  2264 | D:2      | Noticed Crazy Yiuf
  2274 | D:2      | Killed Crazy Yiuf
  2374 | D:3      | Found a shimmering altar of Xom.
  2377 | D:3      | Found a shimmering altar of Xom.
  2377 | D:3      | Found a shimmering altar of Xom.
  2377 | D:3      | Found a shimmering altar of Xom.
  2403 | D:3      | Reached XP level 5. HP: 50/53 MP: 4/4
  2470 | D:3      | Reached skill level 4 in Maces & Flails
  2675 | D:4      | Noticed Eustachio
  2676 | D:4      | Found a basalt altar of Yredelemnul.
  2679 | D:4      | Found a transporter.
  2689 | D:4      | Killed Eustachio
  2690 | D:4      | Reached skill level 1 in Stealth
  2690 | D:4      | Reached XP level 6. HP: 61/61 MP: 5/5
  2695 | D:4      | Identified the +4 great mace "Uticu" {vorpal, rPois rF++
                  | SInv}
  2696 | D:4      | Noticed drd's ghost (amateur OpBr)
  2708 | D:4      | Found a transporter.
  2732 | D:4      | Killed drd's ghost
  2732 | D:4      | Reached ** piety under Trog
  2733 | D:4      | Reached skill level 5 in Maces & Flails
  2736 | D:4      | Reached XP level 7. HP: 67/67 MP: 6/6
  2771 | D:4      | Got a bound jade ring
  2773 | D:4      | Identified the ring "Geum" {+Fly rCorr Int+3} (You found it
                  | on level 4 of the Dungeon)
  3035 | D:4      | Found Hapsuodu's Antique Armour Shop.
  3269 | D:5      | Entered Level 5 of the Dungeon
  3379 | D:5      | Noticed Sigmund
  3382 | D:5      | Killed Sigmund
  3383 | D:5      | Reached skill level 6 in Maces & Flails
  3409 | D:5      | Got a fine mace
  3410 | D:5      | Identified the +3 mace of Harmony {speed, rPois Int+4} (You
                  | found it on level 5 of the Dungeon)
  3502 | D:5      | Found a snail-covered altar of Cheibriados.
  3502 | D:5      | Found a shimmering blue altar of Sif Muna.
  3552 | D:5      | Reached skill level 7 in Maces & Flails
  3552 | D:5      | Reached XP level 8. HP: 63/76 MP: 7/7
  3934 | D:5      | Found a burning altar of Makhleb.
  3934 | D:5      | Noticed a balrug
  4112 | D:6      | Noticed Menkaure
  4118 | D:6      | Killed Menkaure
  4119 | D:6      | Reached skill level 8 in Maces & Flails
  4449 | D:6      | Noticed Edmund
  4457 | D:6      | Killed Edmund
  4496 | D:6      | Noticed Dowan
  4497 | D:6      | Noticed Duvessa
  4500 | D:6      | Killed Duvessa
  4501 | D:6      | Reached skill level 9 in Maces & Flails
  4502 | D:6      | Killed Dowan
  4502 | D:6      | Reached *** piety under Trog
  4523 | D:6      | Found a burning altar of Makhleb.
  4744 | D:6      | Found a staircase to the Ecumenical Temple.
  4794 | D:6      | Reached XP level 9. HP: 83/83 MP: 8/8
  5043 | D:7      | Reached skill level 10 in Maces & Flails
  5836 | D:8      | Reached **** piety under Trog
  5837 | D:8      | Reached skill level 11 in Maces & Flails
  5980 | D:8      | Found a shimmering altar of Xom.
  6713 | D:9      | Found a roughly hewn altar of Beogh.
  6882 | D:9      | Noticed twist's ghost (novice OpWz)
  6888 | D:9      | Found a transporter.
  6920 | D:9      | Reached skill level 12 in Maces & Flails
  6923 | D:9      | Reached XP level 10. HP: 91/91 MP: 9/9
  6930 | D:9      | Reached ***** piety under Trog
  6972 | D:9      | Found a transporter.
  6983 | D:9      | Killed twist's ghost
  7225 | D:9      | Found a sparkling altar of Nemelex Xobeh.
  7399 | D:9      | Found a staircase to the Lair.
  7532 | D:10     | Entered Level 10 of the Dungeon
  7538 | D:10     | Reached skill level 13 in Maces & Flails
  7573 | D:10     | Noticed Joseph
  7585 | D:10     | Killed Joseph
  7630 | D:10     | Found a flagged portal.
  7650 | Bailey   | Entered a bailey
  7650 | Bailey   | Noticed an orc knight
  7651 | Bailey   | Noticed an orc knight
  7670 | Bailey   | HP: 4/136 [orc warrior/bolt (3)]
  7890 | Bailey   | HP: 4/91 [orc warrior/bolt (7)]
  7890 | Bailey   | Mangled by an orc warrior

Illustrated notes

Levels and vault maps discovered:
D:1:      dpeg_arrival_rhombi, layout_basic
D:2:      layout_basic, nicolae_gozag_seed_capital, uniq_robin,
          uniq_crazy_yiuf_cottage
D:3:      layout_basic, xom_redecorated
D:4:      layout_loops_ring, yredelemnul_altar_generic, serial_shops,
          nicolae_shop_crystal, gammafunk_ghost_smash, uniq_eustachio
D:5:      layout_loops_ring, gammafunk_temple_overflow_statue,
          makhleb_altar_promises_db, uniq_sigmund
D:6:      layout_loops_corners, old_standard_altar,
          minmay_temple_entry_junction_2, uniq_edmund, uniq_menkaure,
          uniq_duvessa
D:7:      layout_basic, kennysheep_generic_room_6
D:8:      layout_loops_corners, overflow_temple_1_default
D:9:      layout_roguey [special_room_orc], lair_entry_dummy, serial_curves,
          eino_curves_02, eino_curves_04, gammafunk_ghost_stat_death,
          hangedman_decor_lopped, glass_columns_a, minmay_strange_pillars,
          nemelex_dance_club_becter
D:10:     layout_rooms, enter_bailey_4, uniq_nergalle, uniq_joseph
Bailey:   bailey_polearm_4, bailey

Skill      XL: |  1  2  3  4  5  6  7  8  9 10 |
---------------+-------------------------------+-----
Maces & Flails | 3 4 5 7 9 12 13 | 13.5
Dodging        | 3 |  3.7
Fighting       | 3 |  3.6
Stealth        | 1 |  1.7

Action                   |  1- 3 |  4- 6 |  7- 9 | 10-12 || total
-------------------------+-------+-------+-------+-------++-------
Melee: Mace              |   114 |   116 |       |       ||   230
       Great mace        |       |       |   263 |    83 ||   346
Invok: Berserk           |     5 |     4 |     8 |     7 ||    24
       Brothers in Arms  |       |       |       |     2 ||     2
 Abil: Evoke Flight      |       |       |       |     1 ||     1
  Use: Scroll            |     3 |     2 |    16 |     3 ||    24
 Stab: Sleeping          |     3 |     4 |     4 |       ||    11
       Distracted        |       |     1 |       |       ||     1
Armor: Animal skin       |    50 |    37 |       |       ||    87
       Robe              |       |     2 |   117 |    41 ||   160
Dodge: Dodged            |    67 |    59 |   194 |    66 ||   386

Table legend: (Time is in decaauts)
 A = Elapsed time spent in this place.
 B = Non-inter-level travel time spent in this place.
 C = Inter-level travel time spent in this place.
 D = Time resting spent in this place.
 E = Time spent auto-exploring this place.
 F = Levels seen in this place.
 G = Mean time per level.
                   A        B        C        D        E       F      G
               +--------+--------+--------+--------+--------+-----+--------+
         Total |   8162 |   7850 |    312 |   1160 |   4798 |  11 |  742.0 |
       Dungeon |   7910 |   7598 |    312 |    973 |   4798 |  10 |  791.0 |
        Bailey |    252 |    252 |      0 |    187 |      0 |   1 |  252.0 |
               +--------+--------+--------+--------+--------+-----+--------+

Top non-repeatable levels by time:
     D:8: 1102 daAuts
     D:3: 1092 daAuts
     D:6: 1050 daAuts
     D:9: 907 daAuts
     D:2: 821 daAuts
     D:1: 752 daAuts
     D:4: 745 daAuts
     D:5: 738 daAuts
     D:7: 563 daAuts
  Bailey: 252 daAuts
    D:10: 135 daAuts
